 Dungeon Crawl Stone Soup version 0.30-a0-802-gb92711bcdf (webtiles) character file.

Game seed: 4253553685039038684

6083 Demosthentine the Fighter (level 10, 0/80 HPs)
             Began as a Demonspawn Gladiator on Feb 25, 2023.
             Was a Follower of Qazlal.
             Slain by a boulder beetle (39 damage)
             ... on level 9 of the Dungeon.
             The game lasted 00:09:18 (9079 turns).

Demosthentine the Fighter (Demonspawn Gladiator)    Turns: 9079, Time: 00:09:19

Health: 0/80       AC: 13    Str: 15    XL:     10   Next: 58%
Magic:  13/13      EV: 16    Int: 15    God:    Qazlal [*.....]
Gold:   837        SH:  1    Dex: 19    Spells: 9/9 levels left

rFire   + . .      SeeInvis .    a - +1 trident (venom)
rCold   . . .      Faith    .    (no shield)
rNeg    . . .      Spirit   .    i - +1 leather armour of Fedhas's Approval {rF+ Slay+2}
rPois   .          Reflect  .    c - +1 helmet
rElec   .          Harm     .    (no cloak)
rCorr   .          Rampage  .    (no gloves)
Will    .....                    (no boots)
Stlth   +                        (no amulet)
HPRegen 0.33/turn                m - +6 ring of intelligence
MPRegen 0.13/turn                (no ring)

@: sanguine armoured
A: ignite blood 3, sanguine armour 1, demonic touch 2
a: Renounce Religion


You were on level 9 of the Dungeon.
You worshipped Qazlal.
Qazlal was aware of your devotion.
You visited 2 branches of the dungeon, and saw 10 of its levels.
You also visited: Ossuary.

You collected 837 gold pieces.

Inventory:

Hand Weapons
 a - a +1 trident of venom (weapon)
Missiles
 d - a throwing net (quivered)
 e - 5 javelins
 h - 5 silver javelins
Armour
 c - a +1 helmet (worn)
 i - the +1 leather armour of Fedhas's Approval (worn) {rF+ Slay+2}
   (You found it on level 2 of the Dungeon)

   Slay:      It affects your accuracy & damage with ranged weapons and melee
   (+2).
   rF:        It protects you from fire.
Jewellery
 m - a +6 ring of intelligence (left hand)
Wands
 o - a wand of light (4)
 x - a wand of paralysis (7)
 y - a wand of digging (9)
 C - a wand of mindburst (9)
Scrolls
 b - 3 scrolls of fog
 f - 2 scrolls of enchant armour
 r - a scroll of brand weapon
 u - a scroll of enchant weapon
 v - 5 scrolls of teleportation
Potions
 g - 2 potions of berserk rage
 j - 3 potions of ambrosia
 k - a potion of lignification
 l - 6 potions of brilliance
 n - a potion of heal wounds
 p - 6 potions of curing
 q - 4 potions of attraction {unknown}
 t - 2 potions of magic
 w - 2 potions of resistance
 z - 3 potions of invisibility
 A - 2 potions of flight
 B - a potion of mutation


   Skills:
 + Level 8.3 Fighting
 + Level 7.9 Polearms
 - Level 1.7 Throwing
 - Level 6.4 Armour
 + Level 7.9 Dodging
 + Level 4.6 Invocations


You had 9 spell levels left.
You didn't know any spells.
Your spell library contained the following spells:

 Spells                   Type           Power      Damage    Failure   Level
 Sandblast                Erth           0%         2d4       32%         1
 Slow                     Hex            0%         N/A       32%         1
 Passwall                 Tmut/Erth      0%         N/A       43%         2
 Sublimation of Blood     Necr           0%         N/A       43%         2
 Wereblood                Tmut           0%         N/A       43%         2
 Confusing Touch          Hex            0%         N/A       67%         3
 Ignite Poison            Fire/Tmut/Pois 0%         N/A       67%         3
 Kindle Blastsparks       Fire/Tloc/Air  0%         2d10      67%         3
 Ozocubu's Armour         Ice            0%         N/A       67%         3
 Stone Arrow              Conj/Erth      0%         3d7       67%         3
 Vampiric Draining        Necr           0%         2d6       67%         3
 Petrify                  Tmut/Erth      0%         N/A       97%         4
 Freezing Cloud           Conj/Ice/Air   0%         6-21      100%        5
 Irradiate                Conj/Tmut      0%         3d11      100%        5
 Metabolic Englaciation   Hex/Ice        0%         N/A       100%        5
 Simulacrum               Ice/Necr       0%         N/A       100%        6
 Summon Hydra             Summ           0%         N/A       100%        7


Dungeon Overview and Level Annotations

Branches:
Dungeon (9/15)             Temple (1/1) D:6         Ossuary (visited)
   Lair: D:8-11         Orc: D:9-12

Altars:
Ashenzari
Cheibriados
Dithmenos
Fedhas
Gozag
Hepliaklqana
Kikubaaqudgha
Makhleb
Nemelex Xobeh
Okawaru
Qazlal
Ru
Sif Muna
Trog
Uskayaw
Vehumet
Wu Jian
Xom
Yredelemnul

Shops:
D:2 [   D:3 =   D:7 (


Innate Abilities, Weirdness & Mutations

Your demonic aura causes all spilled blood to erupt in flames.
When seriously injured, your blood forms armour. (AC +6)
Your touch may inflict irresistible damage on your foes.


Message History

Key pressed, stopping explore.
No target in view!
No target in view!
Items here: ( )) [ ††.
No target in view!
You now have 837 gold pieces (gained 13).
A boulder beetle comes into view.
A two-headed ogre comes into view.
It is wielding a +0 giant spiked club and a +0 giant club.
The two-headed ogre shouts in stereo!
There are monsters nearby!
You hit the boulder beetle.
The boulder beetle is poisoned.
The boulder beetle is lightly wounded.
The boulder beetle bites you!
There are monsters nearby!
The wyvern hisses angrily.
You hit the boulder beetle but do no damage.
The boulder beetle is lightly wounded.
The boulder beetle completely misses you.
There are monsters nearby!
You hit the boulder beetle.
The boulder beetle looks as sick as possible!
The boulder beetle is lightly wounded.
The boulder beetle bites you!!
Your blood congeals into armour.
There are monsters nearby!
You hit the boulder beetle but do no damage.
The boulder beetle is lightly wounded.
The boulder beetle bites you!!
* * * LOW HITPOINT WARNING * * *
Unknown command.
The boulder beetle is engulfed in blazing flames.
The boulder beetle attacks as you move away!
The boulder beetle bites you!!
* * * LOW HITPOINT WARNING * * *
The two-headed ogre is engulfed in blazing flames.
The boulder beetle curls into a ball and begins rolling!
You feel much better.
The wyvern is engulfed in blazing flames.
The two-headed ogre is engulfed in blazing flames.
The boulder beetle hits you!!!
You die...

...##. ...... #...## #####
....###...# #...##.#.# ###
####....))#)###.#### #
#..#....#))....>...# ...
#§.B@§...##......#.#
.....###°.l.....#.###.##.##
#..°○○.###...#.. #.##...
...
#...○O○..#....#......#..#
#.=.
#[.#..#..#..#.#.#.#..#...
#.⌠.## ##
#..#######.#.#....##.#
.#.=.#. .#..# ...####..#.#
....... ..... ... ## #.#
.....###..... .....#


You could see a boulder beetle (rolling, very poisoned), a two-headed ogre and a
wyvern.

Vanquished Creatures
  A hydra (D:9)
  A two-headed ogre (D:9)
  Pikel (D:5)
  The ghost of valliere the Conjurer, a novice DgCj (D:4)
  The ghost of sircluck the Covert, an amateur GnDe (D:4)
  The ghost of Strat the Poker, an amateur GnRe of Sif Muna (D:4)
  5 yaks (D:9)
  2 steam dragons
  Edmund (D:5)
  A sky beast (D:8)
  3 orc warriors
  The ghost of GiantSquids the Chopper, an amateur MiBe of Trog (D:4)
  4 ice beasts
  The ghost of IdlyInterested the Shield-Bearer, an amateur DsFi (D:4)
  An ogre (D:6)
  A kobold brigand (D:9)
  3 lemures (D:5)
  Blork the orc (D:4)
  7 bullfrogs
  A necrophage (D:6)
  2 scorpions
  4 killer bees (D:9)
  A jelly (D:4)
  3 hounds
  6 orc priests
  Ijyb (D:5)
  5 orc wizards
  4 iguanas
  8 mummies (Ossuary)
  11 gnolls
  2 adders (D:4)
  A shadow imp (D:8)
  An ufetubus (D:4)
  2 worms (D:2)
  3 dart slugs
  30 orcs
  9 ball pythons
  10 endoplasms
  2 giant cockroaches
  A gnoll zombie (Ossuary)
  5 goblins
  4 hobgoblins
  2 quokkas
  10 bats
  A frilled lizard (D:1)
  A hobgoblin zombie (Ossuary)
  8 kobolds
  3 kobold zombies (Ossuary)
  3 orc zombies (Ossuary)
  5 rats
186 creatures vanquished.

Vanquished Creatures (others)
  An orc (D:8)
1 creature vanquished.

Grand Total: 187 creatures vanquished

Notes
Turn   | Place    | Note
-------+----------+-------------------------------------------
     0 | D:1      | Demosthentine the Demonspawn Gladiator began the quest for
                  | the Orb.
     0 | D:1      | Reached XP level 1. HP: 16/16 MP: 1/1
   244 | D:1      | Gained mutation: Your demonic aura sometimes causes spilled
                  | blood to erupt in flames. [demonic ancestry]
   244 | D:1      | Reached XP level 2. HP: 22/22 MP: 2/2
   455 | D:1      | Reached skill level 1 in Armour
   554 | D:1      | Gained mutation: Your touch may inflict minor irresistible
                  | damage on your foes. [demonic ancestry]
   554 | D:1      | Reached XP level 3. HP: 28/28 MP: 3/3
   714 | D:2      | Found Munihol's Antique Armour Emporium.
   806 | D:2      | Identified the +1 leather armour of Fedhas's Approval {rF+
                  | Slay+2}
  1014 | D:2      | Reached XP level 4. HP: 31/34 MP: 4/4
  1550 | D:3      | Found Lienlup's Jewellery Emporium.
  1637 | D:3      | Reached skill level 3 in Fighting
  1760 | D:3      | Gained mutation: When seriously injured, your blood forms
                  | armour. (AC +6) [demonic ancestry]
  1760 | D:3      | Reached XP level 5. HP: 40/41 MP: 5/5
  1781 | D:3      | Found a faded altar of an unknown god.
  2420 | D:4      | Found a snail-covered altar of Cheibriados.
  2454 | D:4      | Noticed Blork the orc
  2469 | D:4      | Killed Blork the orc
  2483 | D:4      | Found a sand-covered staircase.
  2487 | Ossuary  | Entered an ossuary
  2611 | Ossuary  | Reached XP level 6. HP: 46/47 MP: 6/6
  3155 | D:4      | Found a runed translucent gate.
  3155 | D:4      | Found a runed translucent gate.
  3155 | D:4      | Found a runed translucent gate.
  3155 | D:4      | Noticed sircluck's ghost (amateur GnDe)
  3155 | D:4      | Noticed IdlyInterested's ghost (amateur DsFi)
  3155 | D:4      | Noticed GiantSquids's ghost (amateur MiBe)
  3155 | D:4      | Noticed valliere's ghost (novice DgCj)
  3155 | D:4      | Noticed Strat's ghost (amateur GnRe)
  3732 | D:4      | Killed GiantSquids's ghost
  3733 | D:4      | Reached skill level 4 in Fighting
  3738 | D:4      | Killed sircluck's ghost
  3739 | D:4      | Gained mutation: Your touch may inflict irresistible damage
                  | on your foes. [demonic ancestry]
  3739 | D:4      | Reached XP level 7. HP: 44/54 MP: 7/7
  3745 | D:4      | Killed valliere's ghost
  3750 | D:4      | Killed Strat's ghost
  3751 | D:4      | Reached skill level 5 in Polearms
  3751 | D:4      | Reached skill level 5 in Dodging
  3751 | D:4      | Gained mutation: Your demonic aura often causes spilled
                  | blood to erupt in flames. [demonic ancestry]
  3751 | D:4      | Reached XP level 8. HP: 28/61 MP: 8/8
  3753 | D:4      | Killed IdlyInterested's ghost
  3754 | D:4      | Reached skill level 5 in Fighting
  3953 | D:5      | Entered Level 5 of the Dungeon
  3960 | D:5      | Found a radiant altar of Vehumet.
  3967 | D:5      | Noticed Edmund
  3973 | D:5      | Killed Edmund
  4078 | D:5      | You fall into a shaft and drop 1 floor!
  4079 | D:6      | Found a staircase to the Ecumenical Temple.
  4136 | Temple   | Entered the Ecumenical Temple
  4583 | D:6      | Reached skill level 5 in Armour
  4660 | D:6      | Reached skill level 6 in Fighting
  4875 | D:5      | Noticed Pikel
  4895 | D:5      | Killed Pikel
  4896 | D:5      | Reached XP level 9. HP: 31/71 MP: 9/9
  5348 | D:5      | Noticed Ijyb
  5354 | D:5      | Killed Ijyb
  6147 | D:6      | Found a blossoming altar of Fedhas.
  6265 | Temple   | Became a worshipper of Qazlal Stormbringer
  7002 | D:7      | Found Heoss's Weapon Shop.
  7197 | D:7      | Reached skill level 7 in Fighting
  7610 | D:8      | Found an iron altar of Okawaru.
  7874 | D:8      | Reached * piety under Qazlal
  8307 | D:9      | Reached skill level 1 in Invocations
  8307 | D:9      | Gained mutation: Your demonic aura causes all spilled blood
                  | to erupt in flames. [demonic ancestry]
  8307 | D:9      | Reached XP level 10. HP: 79/79 MP: 10/10
  8307 | D:9      | Noticed a two-headed ogre
  8315 | D:9      | Killed a two-headed ogre
  8342 | D:9      | HP: 4/80 [poisoned by a killer bee]
  8662 | D:9      | Noticed a four-headed hydra
  8662 | D:9      | Noticed a centaur warrior
  8865 | D:8      | Reached skill level 8 in Fighting
  8870 | D:9      | Killed a four-headed hydra
  9070 | D:9      | Noticed a boulder beetle
  9071 | D:9      | Noticed a two-headed ogre
  9079 | D:9      | Slain by a boulder beetle

Illustrated notes

Levels and vault maps discovered:
D:1:      ncdulo_lavacross, layout_loops_ring, serial_glass, glass_columns_b,
          glass_columns_a
D:2:      kb_forest_paths, layout_loops_ring, serial_shops, nicolae_square_shop
D:3:      layout_loops_ring, serial_shops, shop,
          shapermc_ecumenical_altar_mp_highgroup, minmay_misc_feat_chi,
          amethyst_killhole
D:4:      layout_loops_ring, chequers_temple_overflow_statue_of_worship,
          nicolae_ossuary_entry_false_entrances, gammafunk_ghost_cemetery,
          uniq_blork_the_orc
D:5:      layout_layer_cave, mainiacjoe_overflow_catwalk, uniq_edmund,
          uniq_ijyb, uniq_pikel
D:6:      layout_cave_pools, fedhas_ov_isle_minmay, temple_pool_b
D:7:      layout_loops_ring, serial_shops, nicolae_shop_bloodbath_and_beyond
D:8:      layout_loops_ring, okawaru_trees_2
D:9:      hangedman_cross_cluster, layout_basic, glass_columns_c,
          uniq_prince_ribbit1
Temple:   minmay_temple_bridge_d

Skill      XL: |  1  2  3  4  5  6  7  8  9 10 |
---------------+-------------------------------+-----
Polearms       | 3 4 5 6 7 |  7.9
Armour         | 1 2 3 4 5 6 |  6.4
Dodging        | 3 4 5 6 7 |  7.9
Fighting       | 3 4 6 7 8 |  8.3
Invocations    | 1 4 |  4.6
Throwing       | |  1.7

Action                     |  1- 3 |  4- 6 |  7- 9 | 10-12 || total
---------------------------+-------+-------+-------+-------++-------
  Melee: Trident           |   124 |   140 |   247 |    55 ||   566
         Touch             |     3 |    20 |    33 |     7 ||    63
         Punch             |       |     1 |     1 |       ||     2
  Throw: Throwing net      |       |     3 |     1 |       ||     4
  Evoke: Wand              |       |       |       |     1 ||     1
    Use: Scroll            |     3 |    16 |     8 |     2 ||    29
         Potion            |       |     3 |       |     1 ||     4
   Stab: Sleeping          |     2 |     1 |     3 |       ||     6
         Held in net/web   |       |     2 |       |       ||     2
 Armour: Leather armour    |    20 |    19 |    53 |     9 ||   101
  Dodge: Dodged            |    63 |    58 |   120 |    25 ||   266
  Block: Other             |       |       |       |     2 ||     2

Table legend: (Time is in decaauts)
 A = Elapsed time spent in this place.
 B = Non-inter-level travel time spent in this place.
 C = Inter-level travel time spent in this place.
 D = Time resting spent in this place.
 E = Time spent auto-exploring this place.
 F = Levels seen in this place.
 G = Mean time per level.
                   A        B        C        D        E       F      G
               +--------+--------+--------+--------+--------+-----+--------+
         Total |   9113 |   8602 |    511 |    318 |   6944 |  11 |  828.5 |
       Dungeon |   8197 |   7955 |    242 |    318 |   6422 |   9 |  910.8 |
        Temple |    554 |    285 |    269 |      0 |    263 |   1 |  554.0 |
       Ossuary |    361 |    361 |      0 |      0 |    259 |   1 |  361.0 |
               +--------+--------+--------+--------+--------+-----+--------+

Top non-repeatable levels by time:
     D:5: 1427 daAuts
     D:4: 1229 daAuts
     D:8: 905 daAuts
     D:2: 871 daAuts
     D:6: 853 daAuts
     D:3: 807 daAuts
     D:7: 754 daAuts
     D:1: 723 daAuts
     D:9: 623 daAuts
  Temple: 554 daAuts
 Ossuary: 361 daAuts
